 Dungeon Crawl Stone Soup version 0.31.0-9-g3a7656b989 (webtiles) character file.

Game seed: 14966687948056704893

97 Sobieck the Conjurer (level 4, -1/24 HPs)
             Began as a Deep Elf Conjurer on Jan 24, 2024.
             Slain by a goblin
             ... wielding a +0 club
             ... led by Robin
              (4 damage)
             ... on level 3 of the Dungeon.
             The game lasted 00:03:35 (2019 turns).

Sobieck the Conjurer (Deep Elf Conjurer)            Turns: 2019, Time: 00:03:35

Health: -1/24      AC:  2    Str:  4    XL:     4   Next: 42%
Magic:  7/12       EV: 12    Int: 25    God:
Gold:   127        SH:  0    Dex: 13    Spells: 8/11 levels left

rFire   . . .        (no weapon)
rCold   . . .        (no shield)
rNeg    . . .        a - +0 robe
rPois   .            (no helmet)
rElec   .            (no cloak)
rCorr   .            (no gloves)
SInv    .            (no boots)
Will    .....        (no amulet)
Stlth   ++           (no ring)
HPRegen 0.24/turn    (no ring)
MPRegen 0.13/turn

%: no passive effects
@: no status effects
A: no striking features
a: no special abilities


You were on level 3 of the Dungeon.
You visited 1 branch of the dungeon, and saw 3 of its levels.

You collected 127 gold pieces.

Inventory:

Armour
 a - a +0 robe (worn)
Magical Staves
 g - a staff of death
Jewellery
 k - a +6 ring of dexterity
Wands
 I - a wand of iceblast (9)
Scrolls
 c - a scroll of vulnerability {unknown}
 d - 6 scrolls of identify {unknown}
 e - a scroll of butterflies {unknown}
 f - a scroll of revelation {unknown}
 l - a scroll of poison {unknown}
Potions
 b - a potion of magic
 h - a potion of might {unknown}
 i - 2 potions of berserk rage {unknown}
 j - a potion of brilliance {unknown}
 m - a potion of curing {unknown}
 n - a potion of haste {unknown}


   Skills:
 - Level 2.4 Dodging
 - Level 2.4 Stealth
 + Level 4.0 Spellcasting
 * Level 5.5 Conjurations
 + Level 2.5 Hexes


You had 8 spell levels left.
You knew the following spells:

 Your Spells              Type           Power      Damage    Failure   Level
a - Magic Dart            Conj           100%       1d8       1%          1
b - Searing Ray           Conj           66%        2d6       1%          2

Your spell library contained the following spells:

 Spells                   Type           Power      Damage    Failure   Level
 Fulminant Prism          Conj/Alch      9%         3d7       28%         4
 Iskenderun's Mystic Bla  Conj/Tloc      19%        2d6       28%         4


Dungeon Overview and Level Annotations

Branches:
Dungeon (3/15)

Altars:

Shops:
D:2 =

Annotations:
D:3 Robin


Message History

You feel clever.
Robin, a hobgoblin and 3 goblins come into view.
Robin is wielding a +0 mace of protection.
The goblin shouts!
You hear a shout! x4
Unknown command.
A goblin comes into view. It is wielding a +0 club.
The goblin shouts! x2; Robin shouts!
Robin throws the goblin at you! The goblin hits you but does no damage.
You hear a shout!
Unknown command.
Unknown command.
Casting: Searing Ray (safe; 1% risk of failure)
Confirm with . or Enter, or press ? or * to list all spells.
Aiming: Searing Ray (safe; 1% risk of failure)
Press: ? - help, Shift-Dir - straight line, f - goblin
Aim: a goblin, wielding a +0 dagger (76% to hit)
The searing ray hits the hobgoblin.
The hobgoblin is almost dead.
The searing ray hits the goblin.
The goblin is severely wounded.
The searing ray hits the goblin!
You kill the goblin! (Press . to maintain the ray.) Robin roars a battlecry!
The goblins go into a battle-frenzy!
The goblin barely misses you.
Unknown command.
The searing ray hits the hobgoblin!
You kill the hobgoblin!
The searing ray hits the goblin.
You kill the goblin!
A goblin comes into view. It is wielding a +0 dagger.
The goblin hits you with a +0 club.
Unknown command.
The searing ray hits Robin.
Robin is lightly wounded.
The goblin closely misses you.
A goblin comes into view. It is wielding a +0 club.
Robin throws the goblin at you! The goblin hits you with a +0 club.
The searing ray hits Robin.
Robin is heavily wounded.
You finish channelling your searing ray.
The goblin hits you with a +0 club. x2
* * * LOW HITPOINT WARNING * * *
Unknown command.
Okay, then.
Unknown command.
Okay, then.
The goblin hits you with a +0 club.
You die...

### #.. .# #.# #.#
#.# #.# ########
#.# #.# #....!.#
#.#### #.#
#......###.†..###.#
#....@g...........#
#....#g########...#
####.#†# #.#.#
#.#g# #.#.# ..#)#
#.#.# ..#g# #...#
##.#g# #..## #.#.#
#..# #.# #.##


You could see Robin and 4 goblins.

Vanquished Creatures
  A hound (D:3)
  3 gnolls (D:2)
  A ribbon worm (D:2)
  An endoplasm (D:1)
  7 hobgoblins
  4 kobolds
  A quokka (D:2)
  3 ball pythons (D:1)
  2 bats (D:2)
  2 frilled lizards
  7 goblins
  7 rats
39 creatures vanquished.

Notes
Turn   | Place    | Note
-------+----------+-------------------------------------------
     0 | D:1      | Sobieck the Deep Elf Conjurer began the quest for the Orb.
     0 | D:1      | Reached XP level 1. HP: 10/10 MP: 6/6
   246 | D:1      | Reached skill level 1 in Hexes
   246 | D:1      | Reached XP level 2. HP: 15/15 MP: 5/8
   525 | D:1      | Learned a level 2 spell: Searing Ray
   734 | D:1      | Found a faded altar of an unknown god.
  1045 | D:2      | Reached skill level 5 in Conjurations
  1128 | D:2      | Reached XP level 3. HP: 8/19 MP: 3/10
  1653 | D:2      | Found Catuvos's Jewellery Emporium.
  1968 | D:3      | Reached XP level 4. HP: 24/24 MP: 6/12
  2013 | D:3      | Noticed Robin
  2019 | D:3      | Slain by a goblin

Illustrated notes

Levels and vault maps discovered:
D:1:      dpeg_arrival_long_road, layout_rooms,
          shapermc_ecumenical_altar_hornbeckon
D:2:      layout_loops_corners, serial_shops, shop, chequers_serial_rivers_marsh
D:3:      layout_basic, serial_curves, eino_curves_03, eino_curves_01,
          eino_curves_01, minivault_5, uniq_robin

Skill      XL: |  1  2  3 |
---------------+----------+-----
Hexes          | 1 2 |  2.5
Conjurations   | 5 |  5.5
Spellcasting   | 4 |  4.0
Dodging        | |  2.4
Stealth        | |  2.4

Action                     |  1- 3 |  4- 6 || total
---------------------------+-------+-------++-------
   Cast: Magic Dart        |    47 |       ||    47
         Searing Ray       |     5 |     1 ||     6
    Use: Potion            |     1 |       ||     1
 Armour: Robe              |     3 |     8 ||    11
  Dodge: Dodged            |     2 |     2 ||     4
